 Dungeon Crawl Stone Soup version 0.28.0-53-g5a82cb258f (webtiles) character file.

Game seed: 10895068186132138553

4700 fuccboisucc420 the Cleaver (level 10, -4/74 (76) HPs)
             Began as a Demonspawn Gladiator on July 21, 2022.
             Was a Follower of Makhleb.
             Killed by the air
             ... invoked by Gastronok
              (15 damage)
             ... on level 8 of the Dungeon on July 22, 2022.
             The game lasted 00:35:54 (11478 turns).

fuccboisucc420 the Cleaver (Demonspawn Gladiator)  Turns: 11478, Time: 00:35:56

HP:   -4/74 (76)    AC: 17    Str: 19    XL:     10   Next: 21%
MP:   10/10         EV:  9    Int: 15    God:    Makhleb [*.....]
Gold: 562           SH:  5    Dex: 15    Spells: 9/9 levels left

rFire   + . .      SeeInvis .   a - +0 war axe
rCold   x . .      Faith    .   w - orb {guile}
rNeg    . . .      Spirit   .   y - +0 chain mail
rPois   .          Reflect  +   c - +0 helmet
rElec   .          Harm     .   H - +0 cloak
rCorr   .          Rampage  .   h - +0 pair of gloves
Will    .....                   (no boots)
Stlth   ..........              z - amulet of reflection
HPRegen 0.22/turn               b - ring of fire
MPRegen 0.12/turn               g - +6 ring of intelligence

@: lightly drained
A: icy blue scales 2, demonic guardian 2, ignite blood 1
a: Renounce Religion


You were on level 8 of the Dungeon.
You worshipped Makhleb.
Makhleb was aware of your devotion.
You visited 2 branches of the dungeon, and saw 9 of its levels.

You collected 562 gold pieces.

Inventory:

Hand Weapons
 a - a +0 war axe (weapon)
 G - a +0 dagger of chaos
Missiles
 f - 224 stones
 u - 6 poisoned darts (quivered)
Armour
 c - a +0 helmet (worn)
 h - a +0 pair of gloves (worn)
 w - an orb of guile (worn)
 y - a +0 chain mail (worn)
 H - a +0 cloak (worn)
Magical Staves
 r - a staff of earth
 x - a staff of poison
Jewellery
 b - a ring of fire (left hand)
 g - a +6 ring of intelligence (right hand)
 z - an amulet of reflection (around neck)
 A - a ring of magical power
 D - a ring of fire
Wands
 l - a wand of paralysis (2)
 p - a wand of acid (10)
 t - a wand of polymorph (6)
 B - a wand of digging (5)
 E - a wand of mindburst (5)
 F - a wand of flame (8)
Scrolls
 e - a scroll of fear {unknown}
 s - a scroll of fog
 v - a scroll of amnesia {unknown}
Potions
 d - 3 potions of flight
 i - 2 potions of ambrosia
 j - a potion of might
 k - 2 potions of haste {unknown}
 m - a potion of berserk rage {unknown}
 n - a potion of brilliance
 o - 4 potions of curing
 q - 3 potions of lignification
 C - a potion of cancellation {unknown}


   Skills:
 + Level 6.2 Fighting
 + Level 9.4 Axes
 + Level 2.2 Throwing
 + Level 6.5 Armour
 + Level 5.0 Dodging
 + Level 1.9 Stealth
 + Level 2.3 Shields
 + Level 2.2 Evocations


You had 9 spell levels left.
You didn't know any spells.
Your spell library contained the following spells:

 Spells                   Type           Power      Damage    Failure   Level
 Apportation              Tloc           0%         N/A       95%         1
 Magic Dart               Conj           0%         1d3       95%         1
 Summon Small Mammal      Summ           0%         N/A       95%         1
 Blink                    Tloc           0%         N/A       98%         2
 Call Imp                 Summ           0%         N/A       98%         2
 Call Canine Familiar     Summ           0%         N/A       100%        3
 Lesser Beckoning         Tloc           0%         N/A       100%        3
 Mephitic Cloud           Conj/Pois/Air  0%         N/A       100%        3
 Summon Guardian Golem    Hex/Summ       0%         N/A       100%        3
 Alistair's Intoxication  Tmut/Pois      0%         N/A       100%        5
 Manifold Assault         Tloc           0%         N/A       100%        5


Dungeon Overview and Level Annotations

Branches:
Dungeon (8/15)             Temple (1/1) D:5            Lair (0/6) D:8

Altars:
Ashenzari
Cheibriados
Dithmenos
Elyvilon
Fedhas
Hepliaklqana
Kikubaaqudgha
Makhleb
Nemelex Xobeh
Okawaru
Qazlal
Ru
Sif Muna
Uskayaw
Vehumet
Wu Jian
Xom
Yredelemnul
Zin
The Shining One

Annotations:
D:8 Gastronok


Innate Abilities, Weirdness & Mutations

You are mostly covered in icy blue scales. (AC +3)
A demonic guardian rushes to your aid.
Your demonic aura sometimes causes spilled blood to erupt in flames.


Message History

You hit Gastronok.
Gastronok is lightly wounded.
You hit Gastronok.
Gastronok is lightly wounded.
Gastronok sloshes about.
Gastronok bites you!
Aiming: Paralyse
Press: ? - help, Shift-Dir - straight line, f/p - Gastronok
Aim: Gastronok, wearing the +3 hat of Pondering {ponderous, Will+ MP+10 Int+5} (lightly wounded, chance to affect: 37%) Gastronok resists with almost no effort.
The hell rat bites you but does no damage.
Gastronok looks at you while chanting.
You barely resist. You hit the hell rat but do no damage.
You block the hell rat's attack.
The hell rat bites you but does no damage.
You barely miss the hell rat. The hell rat bites you!
* * * LOW HITPOINT WARNING * * *
You feel drained.
* * * LOW HITPOINT WARNING * * *
Gastronok casts a spell.
Gastronok puts on a burst of speed!
You closely miss the hell rat.
The hell rat bites you but does no damage.
You hit the hell rat.
The hell rat is moderately wounded.
The hell rat bites you but does no damage.
Gastronok waves his eye-stalks in wide circles.
The air twists around and strikes you.
You barely miss the hell rat.
The hell rat is moderately wounded.
The hell rat misses you.
The hell rat bites you but does no damage.
You hit the hell rat but do no damage.
The hell rat is moderately wounded.
The hell rat bites you.
* * * LOW HITPOINT WARNING * * *
A demonic guardian appears!
Gastronok waves his eye-stalks in wide circles.
The air twists around and strikes you!
You die...

###### #....# #....#
###....#########
#......w†@r4...#####
#.#....#######.....###
### #.#........#
#####...###..
#....†..#..# ###...#.#
#........#.# ###....
#........Y.# ###.#
#.....#....# #.#
##.........# ...
#....>)...# ....


You could see Gastronok (swift), a hell rat (ally target) and a friendly orange
demon (summoned).

Vanquished Creatures
  A death yak (D:8)
  Maurice (D:8)
  Maggie (D:8)
  Psyche (D:8)
  A hornet (D:8)
  A yak (D:8)
  A black bear (D:6)
  3 necrophages
  5 ogres
  2 centaurs
  2 phantoms (D:5)
  A gnoll sergeant (D:8)
  4 scorpions
  2 bullfrogs
  A wyvern skeleton (D:7)
  A water moccasin skeleton (D:4)
  A howler monkey (D:5)
  2 centaur zombies
  3 jellies
  2 bullfrog zombies (D:5)
  A centaur skeleton (D:5)
  4 hounds
  2 orc priests (D:6)
  A gnoll shaman (D:7)
  2 bullfrog skeletons
  An iguana (D:5)
  3 orc wizards
  A hell rat (D:8)
  Terence (D:3)
  A howler monkey zombie (D:5)
  15 gnolls
  8 adders
  A shadow imp (D:5)
  2 white imps (D:7)
  An ufetubus (D:5)
  A worm (D:2)
  3 dart slugs
  8 orcs
  4 bats
  10 endoplasms
  6 giant cockroaches
  8 hobgoblins
  3 jackals (D:4)
  2 quokkas
  9 ball pythons
  5 frilled lizards
  6 goblins
  4 kobolds
  4 rats
153 creatures vanquished.

Vanquished Creatures (collateral kills)
  A wraith (D:6)
  An ogre (D:5)
  A howler monkey (D:5)
  An iguana (D:5)
  An orc (D:5)
5 creatures vanquished.

Grand Total: 158 creatures vanquished

Notes
Turn   | Place    | Note
-------+----------+-------------------------------------------
     0 | D:1      | fuccboisucc420 the Demonspawn Gladiator began the quest for
                  | the Orb.
     0 | D:1      | Reached XP level 1. HP: 16/16 MP: 1/1
    24 | D:2      | Found a shimmering blue altar of Sif Muna.
   300 | D:1      | Reached skill level 3 in Axes
   332 | D:1      | Gained mutation: You are partially covered in icy blue
                  | scales. (AC +2) [demonic ancestry]
   332 | D:1      | Reached XP level 2. HP: 22/22 MP: 2/2
   423 | D:1      | Found a faded altar of an unknown god.
   815 | D:1      | Reached XP level 3. HP: 25/27 MP: 3/3
  2048 | D:3      | Noticed a scorpion
  2060 | D:3      | Killed a scorpion
  2061 | D:3      | Reached skill level 4 in Axes
  2061 | D:3      | Reached skill level 1 in Armour
  2061 | D:3      | Gained mutation: You are mostly covered in icy blue scales.
                  | (AC +3) [demonic ancestry]
  2061 | D:3      | Reached XP level 4. HP: 14/34 MP: 4/4
  2541 | D:3      | N
  2563 | D:3      | Found a sacrificial altar of Ru.
  2639 | D:3      | Noticed Terence
  2657 | D:3      | Killed Terence
  2658 | D:3      | Reached XP level 5. HP: 23/39 MP: 5/5
  3850 | D:5      | Entered Level 5 of the Dungeon
  4117 | D:4      | Noticed a necrophage
  4135 | D:4      | Killed a necrophage
  4136 | D:4      | Gained mutation: A weak demonic guardian rushes to your
                  | aid. [demonic ancestry]
  4136 | D:4      | Reached XP level 6. HP: 24/47 MP: 6/6
  4497 | D:4      | HP: 2/47 [hobgoblin/bolt of acid (26)]
  5426 | D:5      | Reached skill level 5 in Axes
  5440 | D:5      | Reached skill level 1 in Stealth
  5440 | D:5      | Reached XP level 7. HP: 44/52 MP: 7/7
  5757 | D:5      | Found a staircase to the Ecumenical Temple.
  5818 | D:5      | Reached skill level 6 in Axes
  5849 | Temple   | Entered the Ecumenical Temple
  6164 | Temple   | Became a worshipper of Makhleb the Destroyer
  6674 | D:5      | Gained mutation: A demonic guardian rushes to your aid.
                  | [demonic ancestry]
  6674 | D:5      | Reached XP level 8. HP: 41/60 MP: 8/8
  7335 | D:5      | Reached skill level 7 in Axes
  8050 | D:6      | Gained mutation: Your demonic aura sometimes causes spilled
                  | blood to erupt in flames. [demonic ancestry]
  8050 | D:6      | Reached XP level 9. HP: 55/67 MP: 9/9
  8060 | D:6      | Found a broken altar of Ashenzari.
  8187 | D:6      | Found an ornate altar of the Wu Jian Council.
  8302 | D:6      | Reached skill level 8 in Axes
  8348 | D:6      | Reached * piety under Makhleb
  8882 | D:6      | Reached skill level 5 in Fighting
  8978 | D:6      | Found an iron altar of Okawaru.
  9366 | D:6      | Reached skill level 1 in Shields
 10282 | D:7      | Reached skill level 5 in Armour
 10572 | D:8      | Noticed Maggie
 10578 | D:8      | Killed Maggie
 10579 | D:8      | Reached skill level 1 in Evocations
 10582 | D:8      | Paralysed by a hornet for 3 turns
 10865 | D:8      | Noticed Psyche
 10873 | D:8      | Killed Psyche
 10874 | D:8      | Reached skill level 9 in Axes
 10885 | D:8      | Noticed Maurice
 10941 | D:8      | Killed Maurice
 10943 | D:8      | Reached XP level 10. HP: 30/76 MP: 10/10
 11393 | D:8      | Noticed a death yak
 11414 | D:8      | Killed a death yak
 11434 | D:8      | Found a staircase to the Lair.
 11436 | D:8      | Noticed Gastronok
 11462 | D:8      | Reached skill level 5 in Dodging
 11478 | D:8      | Killed from afar by Gastronok

Illustrated notes

....#.####.#
#......#
...........#
#......#
....#.#.####
#......#
....#...#
#......#
....#.###
#####..##
....#.#
#.......#
.......
#.###...#
....... #.#
#.#.#
....... #@#
###.# ...
#....g...
...
#######...
.#. ...# .#
.#.# .# ....
.# .# .#


Turn 2541 on D:3: N

Levels and vault maps discovered:
D:1:      lightli_arrival_boilingwater, layout_basic,
          shapermc_ecumenical_altar_venn
D:2:      layout_rooms, basic_altar
D:3:      layout_basic, nicolae_ru_awakened_eye, uniq_terence
D:4:      layout_basic, portal_sewer_entry_a
D:5:      layout_basic, minmay_temple_entry_glassed_door, supply_closet_lemuel,
          nrook_mini_vaults, minmay_joined_circles
D:6:      layout_basic, okawaru_trees_1, kennysheep_mini_moat,
          nicolae_overflow_crystal_walls, grunt_ministairs_12
D:7:      layout_gridville, enter_bailey_2
D:8:      layout_rooms, dpeg_lair_monsters, uniq_gastronok, uniq_maurice,
          uniq_psyche, uniq_maggie
Temple:   eino_temple_scatter_basement

Skill      XL: |  1  2  3  4  5  6  7  8  9 10 |
---------------+-------------------------------+-----
Axes           | 3 4 5 6 7 9 |  9.4
Throwing       | 2 |  2.2
Dodging        | 3 4 5 |  5.0
Armour         | 1 2 3 4 6 |  6.5
Fighting       | 3 4 6 |  6.2
Stealth        | 1 |  1.9
Shields        | 2 |  2.3
Evocations     | 1 2 |  2.2

Action                   |  1- 3 |  4- 6 |  7- 9 | 10-12 || total
-------------------------+-------+-------+-------+-------++-------
Melee: War axe           |   124 |   132 |   319 |    34 ||   609
       Punch             |     3 |     2 |       |       ||     5
       Unarmed           |       |       |     2 |       ||     2
Throw: Throwing net      |     5 |     1 |       |       ||     6
       Stone             |     1 |     2 |     4 |       ||     7
Evoke: Wand              |       |     3 |    11 |     7 ||    21
  Use: Potion            |     1 |     1 |       |       ||     2
       Scroll            |       |     2 |     7 |     1 ||    10
 Stab: Held in net/web   |     1 |       |       |       ||     1
       Paralysed         |       |     1 |       |       ||     1
       Distracted        |       |       |     1 |       ||     1
Armor: Scale mail        |    75 |    80 |    91 |       ||   246
       Leather armour    |     3 |       |       |       ||     3
       Skin              |       |       |    17 |       ||    17
       Chain mail        |       |       |   104 |    14 ||   118
Dodge: Dodged            |    95 |    70 |   170 |     8 ||   343
Block: Orb               |       |       |    31 |     6 ||    37
